 Dungeon Crawl Stone Soup version 0.20.0-8-g6b59dc7 (webtiles) character file.

154 Gorglomux the Skirmisher (level 5, -1/47 HPs)
             Began as a Centaur Fire Elementalist on May 30, 2017.
             Slain by Grinder (5 damage)
             ... on level 3 of the Dungeon.
             The game lasted 00:14:48 (2218 turns).

Gorglomux the Skirmisher (CeFE)                     Turns: 2218, Time: 00:14:48

Health: -1/47      AC:  4    Str: 11    XL:     5   Next: 13%
Magic:  1/7        EV:  9    Int: 14    God:
Gold:   96         SH:  3    Dex: 10    Spells: 4/7 levels left

rFire    . . .     SeeInvis +   a - +0 dagger (venom)
rCold    . . .     Gourm    .   (no shield)
rNeg     . . .     Faith    .   D - +0 robe
rPois    .         Spirit   .   (no helmet)
rElec    .         Reflect  +   (no cloak)
rCorr    .         Harm     .   (no gloves)
MR       +....                  (no barding)
Stlth    +.........             K - +3 amulet of reflection
Regen    0.2/turn               s - ring of see invisible
MPRegen  0.1/turn               m - ring of protection from magic

@: very quick
A: hooves 3, deformed body, speed 2, tough skin 3
a: no special abilities


You were on level 3 of the Dungeon.
You were hungry.

You visited 1 branch of the dungeon, and saw 3 of its levels.

You collected 96 gold pieces.

Inventory:

Hand Weapons
 a - a +0 dagger of venom (weapon)
 b - a +0 hunting sling
 B - a +0 club
Missiles
 I - 88 stones (quivered)
Armour
 D - a +0 robe (worn)
Jewellery
 m - a ring of protection from magic (right hand)
 s - a ring of see invisible (left hand)
 K - a +3 amulet of reflection (around neck)
Scrolls
 C - a scroll of fog
 F - a scroll of immolation {unknown}
 J - a scroll of amnesia {unknown}
 M - a scroll of magic mapping
 P - 2 scrolls of teleportation {unknown}
 R - a scroll of enchant weapon {unknown}
 S - 2 scrolls of remove curse {unknown}
Potions
 d - a potion of mutation {!q}
 G - a potion of haste
 O - 2 potions of agility
 Q - a potion of curing
 T - a potion of ambrosia {unknown}
 U - a potion of brilliance {unknown}
Books
 H - a book of Flames

   Spells                             Type                      Level
   a - Flame Tongue                   Conjuration/Fire             1
   b - Throw Flame                    Conjuration/Fire             2
   c - Conjure Flame                  Conjuration/Fire             3
   d - Inner Flame                    Hexes/Fire                   3
   e - Sticky Flame                   Conjuration/Fire             4
   f - Fireball                       Conjuration/Fire             5
Comestibles
 c - 5 bread rations
 z - 2 meat rations
 V - 2 chunks of flesh


   Skills:
 + Level 4.8 Fighting
 - Level 1.3 Dodging
 - Level 1.1 Stealth
 - Level 1.5 Spellcasting
 - Level 0.8 Conjurations
 - Level 2.6 Fire Magic


You had 4 spell levels left.
You knew the following spells:

 Your Spells              Type           Power        Failure   Level  Hunger
a - Flame Tongue          Conj/Fire      #....        12%         1    ##.....
b - Throw Flame           Conj/Fire      #.....       19%         2    ###....


Dungeon Overview and Level Annotations

Branches:
Dungeon (3/15)

Altars:

Annotations:
D:3 Grinder


Innate Abilities, Weirdness & Mutations

You have hooves in place of feet.
Armour fits poorly on your strangely shaped body.
You cover ground very quickly.
You have extremely tough skin. (AC +3)


Message History

Grinder looks more healthy.
Grinder gestures at you.
You suddenly lose the ability to move!
Grinder hits you!
* * * LOW HITPOINT WARNING * * *
Grinder hits you!
* * * LOW HITPOINT WARNING * * *
You can move again.
Unknown command.
Unknown command.
Unknown command.
Casting: Flame Tongue
Confirm with . or Enter, or press ? or * to list all spells.
Aiming: Flame Tongue
Press: ? - help, Shift-Dir - straight line, f/p - Grinder
Aim: Grinder (heavily wounded, unusually resistant)
The flame tongue hits Grinder.
Grinder resists.
Grinder is heavily wounded.
Grinder hits you.
You die...

#............######.##.#.###.##
# #.############ #.##..##
##§### #†# #.##.## ##.## #.#
#.....## #.... #.#
#############.##.###..###
#.#######........# #.....#...
#......g..######.# #.####.###
#.######### #†# #.# #.# #.##
#@# #.# # # #..# #...5.....#
#g.# #.###.###.# #..# # .# #.#
#..# .# #.# #..# .. ..# ##.# ..
.# #.# #.##.# .# #.# #.##?#


You could see Grinder.

Vanquished Creatures
  A sky beast (D:3)
  An adder (D:1)
  An ooze (D:2)
  A worm (D:2)
  An orc (D:3)
  4 goblins
  4 hobgoblins
  11 jackals
  2 kobolds
  5 bats
  6 frilled lizards
  8 rats
45 creatures vanquished.

Notes
Turn   | Place    | Note
-------+----------+-------------------------------------------
     0 | D:1      | Gorglomux the Centaur Fire Elementalist began the quest for the Orb.
     0 | D:1      | Reached XP level 1. HP: 14/14 MP: 3/3
    69 | D:1      | Reached skill level 1 in Fighting
   129 | D:1      | Reached XP level 2. HP: 20/24 MP: 1/4
   256 | D:1      | Reached skill level 2 in Fighting
   280 | D:1      | Learned a level 2 spell: Throw Flame
   921 | D:1      | Reached XP level 3. HP: 14/30 MP: 1/5
  1122 | D:2      | Reached skill level 3 in Fighting
  1685 | D:3      | Noticed a sky beast
  1721 | D:3      | Killed a sky beast
  1721 | D:3      | Reached skill level 4 in Fighting
  1721 | D:3      | Reached XP level 4. HP: 4/41 MP: 1/6
  1721 | D:3      | Reached XP level 5. HP: 5/47 MP: 1/7
  2142 | D:3      | Noticed Grinder
  2192 | D:3      | Paralysed by Grinder for 6 turns
  2204 | D:3      | Paralysed by Grinder for 6 turns
  2215 | D:3      | Paralysed by Grinder for 3 turns
  2218 | D:3      | Slain by Grinder

Skill      XL: |  1  2  3 |
---------------+----------+-----
Fighting       | 1 2 4 |  4.8
Dodging        | |  1.3
Stealth        | |  1.1
Spellcasting   | |  1.5
Conjurations   | |  0.8
Fire Magic     | |  2.6

Action                   |  1- 3 |  4- 6 || total
-------------------------+-------+-------++-------
Melee: Unarmed           |    24 |       ||    24
       Kick              |    16 |     3 ||    19
       Dagger            |    68 |    33 ||   101
       Club              |    13 |       ||    13
 Fire: Hunting sling     |     1 |       ||     1
 Cast: Flame Tongue      |    20 |     3 ||    23
       Throw Flame       |     8 |     2 ||    10
  Use: Potion            |     1 |     1 ||     2
       Scroll            |     6 |       ||     6
  Eat: Chunk             |     3 |     1 ||     4
Armor: Robe              |    39 |     6 ||    45
       Skin              |       |    18 ||    18
Dodge: Dodged            |    61 |    16 ||    77
Block: Other             |     2 |     3 ||     5
